 Dungeon Crawl Stone Soup version 0.31.0-7-gf635a9b802 (webtiles) character file.

Game seed: 17865366310572744370

65 PaiMei the Grave Robber (level 3, -3/24 HPs)
             Began as a Demonspawn Necromancer on Jan 23, 2024.
             Incinerated by a bombardier beetle (7 damage)
             ... with a burning spray
             ... on level 3 of the Dungeon.
             The game lasted 00:03:40 (2377 turns).

PaiMei the Grave Robber (Demonspawn Necromancer)    Turns: 2377, Time: 00:03:40

Health: -3/24      AC:  5    Str:  8    XL:     3   Next: 92%
Magic:  5/6        EV: 12    Int: 23    God:
Gold:   83         SH:  0    Dex: 13    Spells: 6/7 levels left

rFire   . . .        f - +0 club
rCold   . . .        (no shield)
rNeg    . . .        a - +0 robe
rPois   .            (no helmet)
rElec   .            (no cloak)
rCorr   .            i - +2 pair of gloves
SInv    .            (no boots)
Will    .....        (no amulet)
Stlth   +            g - +6 ring of intelligence
HPRegen 0.24/turn    (no ring)
MPRegen 0.10/turn

%: no passive effects
@: on fire, glowing
A: demonic magic 1
a: no special abilities


You were on level 3 of the Dungeon.
You visited 1 branch of the dungeon, and saw 3 of its levels.

You collected 83 gold pieces.

Inventory:

Hand Weapons
 f - a +0 club (weapon)
Missiles
 m - 4 poisoned darts (quivered)
Armour
 a - a +0 robe (worn)
 i - a +2 pair of gloves (worn)
Jewellery
 g - a +6 ring of intelligence (left hand)
Scrolls
 c - a scroll of poison {unknown}
 d - a scroll of identify {unknown}
 e - a scroll of teleportation {unknown}
 h - 2 scrolls of noise {unknown}
 j - a scroll of butterflies {unknown}
 o - a scroll of revelation {unknown}
 p - a scroll of amnesia {unknown}
 q - a scroll of blinking {unknown}
Potions
 b - a potion of magic
 k - 3 potions of heal wounds {unknown}
 l - a potion of curing {unknown}
 n - a potion of might {unknown}


   Skills:
 + Level 2.4 Dodging
 + Level 2.5 Stealth
 + Level 2.5 Spellcasting
 + Level 4.9 Necromancy


You had 6 spell levels left.
You knew the following spells:

 Your Spells              Type           Power      Damage    Failure   Level
a - Necrotise             Necr           100%       1d9       1%          1

Your spell library contained the following spells:

 Spells                   Type           Power      Damage    Failure   Level
 Vampiric Draining        Necr           25%        2d7       4%          3
 Animate Dead             Necr           25%        N/A       16%         4
 Scorch                   Fire           4%         2d5       19%         2
 Gell's Gravitas          Tloc           2%         N/A       36%         3
 Teleport Other           Tloc           2%         N/A       36%         3
 Curse of Agony           Necr           25%        N/A       41%         5
 Flame Wave               Conj/Fire      2%         2d4       77%         4
 Dispersal                Tloc           1%         N/A       100%        6
 Summon Cactus Giant      Summ           1%         N/A       100%        6


Dungeon Overview and Level Annotations

Branches:
Dungeon (3/15)

Altars:


Innate Abilities, Weirdness & Mutations

Spells you cast may paralyse adjacent enemies.


Message History

You don't know that spell.
You hit the bombardier beetle but do no damage.
The bombardier beetle is lightly wounded.
The bombardier beetle sprays incendiary fluid at you.
The burning spray hits you.
You are covered in liquid fire!
You hear a loud squeak.
Casting: Necrotise (safe; 1% risk of failure)
Confirm with . or Enter, or press ? or * to list all spells.
You don't know that spell.
You hit the bombardier beetle.
The bombardier beetle is lightly wounded.
The liquid fire burns you!
Casting: Necrotise (safe; 1% risk of failure)
Confirm with . or Enter, or press ? or * to list all spells.
You don't know that spell.
You hit the bombardier beetle but do no damage.
The bombardier beetle is lightly wounded.
The liquid fire burns you! The bombardier beetle misses you.
A rat comes into view.
Casting: Necrotise (safe; 1% risk of failure)
Confirm with . or Enter, or press ? or * to list all spells.
You don't know that spell.
You hit the bombardier beetle but do no damage.
The bombardier beetle is lightly wounded.
The liquid fire burns you!
* * * LOW HITPOINT WARNING * * *
An adder comes into view.
The bombardier beetle sprays incendiary fluid at you.
The burning spray hits you.
You are even more covered in liquid fire!
The adder moves out of view.
Casting: Necrotise (safe; 1% risk of failure)
Confirm with . or Enter, or press ? or * to list all spells.
You don't know that spell.
You hit the bombardier beetle.
The bombardier beetle is moderately wounded.
The liquid fire burns you!
You die...

#......................
#.#########.....#......
#.## ###.....#......
#..# #.+.....#......
##.# #.#.....####### #.#
#.#.......#....
##.######.#.#+##.##.###
#...#.#Z#.#.#.##.##.# #
#..#..#@##.....##....# #
#..###.r#B#........#####
#..# ##..##............#
#..# ##..#[######.###.#
#.# #.#............# #.
.########.###### #
#......#.......
#.####.#.#####.
#.##<#....)....


You could see a bombardier beetle (ally target), a rat and a friendly hobgoblin
skeleton.

Vanquished Creatures
  2 adders
  A dart slug (D:2)
  3 orcs
  5 bats
  A giant cockroach (D:1)
  4 goblins
  3 hobgoblins
  6 kobolds
  4 quokkas
  4 ball pythons
  A frilled lizard (D:1)
  5 rats
39 creatures vanquished.

Notes
Turn   | Place    | Note
-------+----------+-------------------------------------------
     0 | D:1      | PaiMei the Demonspawn Necromancer began the quest for the
                  | Orb.
     0 | D:1      | Reached XP level 1. HP: 13/13 MP: 3/3
   188 | D:1      | Gained mutation: Spells you cast may paralyse adjacent
                  | enemies. [demonic ancestry]
   188 | D:1      | Reached XP level 2. HP: 19/19 MP: 3/5
   916 | D:2      | Reached XP level 3. HP: 19/24 MP: 1/6
  2377 | D:3      | Incinerated by a bombardier beetle

Illustrated notes

Levels and vault maps discovered:
D:1:      dpeg_arrival_leaves_temple_mockup, layout_loops_ring,
          due_unseen_surprise
D:2:      layout_basic, serial_glass, glass_columns_c, glass_columns_a,
          st_stairs_13
D:3:      minmay_diamond_boxcup, layout_basic, grunt_ministairs_10

Skill      XL: |  1 |
---------------+----+-----
Stealth        | 2 |  2.5
Dodging        | 2 |  2.4
Spellcasting   | |  2.5
Necromancy     | |  4.9

Action                     || total
---------------------------++-------
  Melee: Club              ||    11
   Cast: Necrotise         ||    57
 Armour: Robe              ||    10
  Dodge: Dodged            ||    10
